 Dungeon Crawl Stone Soup version 0.18-a0-1677-g2bdad6c (webtiles) character file.

387961 4thArraOfDagon the Executioner (level 22, -20/199 HPs)
             Began as a Hill Orc Gladiator on Apr 2, 2016.
             Was the Champion of Makhleb.
             Killed from afar by a deep elf high priest (26 damage)
             ... with a damnation
             ... on level 5 of the Vaults.
             The game lasted 02:16:50 (23967 turns).

4thArraOfDagon the Executioner (HOGl)              Turns: 23967, Time: 02:16:51

Health: -20/199    AC: 35    Str: 29    XL:     22   Next: 66%
Magic:  8/33       EV: 12    Int: 12    God:    Makhleb [******]
Gold:   1925       SH:  3    Dex: 22    Spells: 4 memorised, 23 levels left

rFire  + . .     SeeInvis .     V - +6 battleaxe of the Dove {chop, rElec rF+ Dex+4}
rCold  + . .     Gourm    .     t - +6 scale mail "Xookhlor" {Dex+4 Slay+3}
rNeg   + . .     Faith    .     (shield currently unavailable)
rPois  +         Spirit   .     L - +2 helmet of Lugonu's Anger {*Contam MR+ Dex+2 Slay+2}
rElec  +         Dismiss  .     r - +1 cloak {rPois}
rCorr  +         Reflect  +     X - +3 pair of gauntlets of War {Slay+5}
SustAt .         Harm     .     A - +2 pair of boots {run}
MR     +++..                    Z - amulet of Patience {Reflect Slay+3 SH+3}
Stlth  ++........               N - ring "Maize Qyhe" {rCorr rC+ Stlth+}
                                O - ring "Qoarur" {Fragile rPois rN+ MR+ Str+6}

@: very slightly contaminated, regenerating (expiring), hasted, drained, very
quick, extremely resistant to hostile enchantments, unstealthy
A: fangs 1, slimy green scales 1, screaming 1
a: Minor Destruction, Lesser Servant of Makhleb, Major Destruction, Greater
Servant of Makhleb, Renounce Religion
}: 3/15 runes: decaying, slimy, gossamer


You were on level 5 of the Vaults.
You worshipped Makhleb.
Makhleb was exalted by your worship.
You were very hungry.

You visited 9 branches of the dungeon, and saw 48 of its levels.
You visited the Abyss 2 times.
You visited 2 bazaars.
You also visited: Labyrinth, Ossuary, Bailey, Ice Cave and Volcano.

You collected 15463 gold pieces.
You spent 6848 gold pieces at shops.
You paid 6690 gold pieces to Gozag.

Inventory:

Hand Weapons
 a - the +10 dark maul {crush}
   (You found it on level 6 of the Pits of Slime)

   It inflicts extra damage upon your enemies.
 J - the +8 battleaxe "Noeggoan" {drain, Stlth+}
   (You bought it in a shop on level 5 of the Lair of Beasts)

   A truly terrible weapon, it drains the life of those it strikes.
   It makes you more stealthy.
 V - the +6 battleaxe of the Dove (weapon) {chop, rElec rF+ Dex+4}
   (You took it off a deep elf sorcerer on level 3 of the Elven Halls)

   It inflicts extra damage upon your enemies.
   It affects your dexterity (+4).
   It protects you from fire.
   It insulates you from electricity.
Missiles
 H - 2 throwing nets (quivered)
Armour
 r - a +1 cloak of poison resistance (worn)
 t - the +6 scale mail "Xookhlor" (worn) {Dex+4 Slay+3}
   (You found it on level 3 of the Abyss)

   It affects your dexterity (+4).
   It affects your accuracy and damage with ranged weapons and melee attacks
   (+3).
 A - a +2 pair of boots of running (worn)
 L - the +2 helmet of Lugonu's Anger (worn) {*Contam MR+ Dex+2 Slay+2}
   (You found it in a bailey)

   It affects your dexterity (+2).
   It affects your accuracy and damage with ranged weapons and melee attacks
   (+2).
   It affects your resistance to hostile enchantments.
   It causes magical contamination when unequipped.
 T - the +1 chain mail of Feasting {rF- rN++ Int+4 Dex+3}
   (You found it on level 3 of the Elven Halls)

   It affects your intelligence (+4).
   It affects your dexterity (+3).
   It makes you vulnerable to fire.
   It greatly protects you from negative energy.
 X - the +3 pair of gauntlets of War (worn) {Slay+5}
   (You bought it in a shop on level 10 of the Dungeon)

   It affects your accuracy and damage with ranged weapons and melee attacks
   (+5).
Rods
 Q - a +0 rod of shadows (11/11)
   (You found it on level 2 of the Swamp)
Jewellery
 o - an uncursed ring of protection from fire
 v - the amulet of Astru {RegenMP rElec rPois rF+++ Int-2}
   (You found it on level 4 of the Vaults)

   [amulet of magic regeneration]

   It increases your magic regeneration.
   It affects your intelligence (-2).
   It renders you almost immune to fire.
   It insulates you from electricity.
   It protects you from poison.
 z - an uncursed ring of positive energy
 N - the ring "Maize Qyhe" (right hand) {rCorr rC+ Stlth+}
   (You bought it in a shop on level 11 of the Dungeon)

   [ring of resist corrosion]

   It protects you from cold.
   It makes you more stealthy.
 O - the ring "Qoarur" (left hand) {Fragile rPois rN+ MR+ Str+6}
   (You bought it in a shop on level 11 of the Dungeon)

   [ring of positive energy]

   It affects your strength (+6).
   It protects you from poison.
   It protects you from negative energy.
   It affects your resistance to hostile enchantments.
   It will be destroyed if unequipped.
 Z - the amulet of Patience (around neck) {Reflect Slay+3 SH+3}
   (You found it on level 1 of the Lair of Beasts)

   [amulet of reflection]

   It shields you and reflects attacks.
   It affects your accuracy and damage with ranged weapons and melee attacks
   (+3).
   It affects your SH (+3).
Wands
 i - a wand of hasting (7/9)
 x - a wand of digging (8/24)
 I - a wand of teleportation (2/9)
 W - a wand of disintegration (15/24)
 Y - a wand of hasting (7/9)
Scrolls
 c - 7 scrolls of teleportation
 j - 13 scrolls of immolation
 m - 4 scrolls of recharging
 p - 2 scrolls of brand weapon
 s - 7 scrolls of enchant armour
 u - 5 scrolls of enchant weapon
 w - 3 scrolls of magic mapping
 C - 7 scrolls of fog
 E - 2 scrolls of blinking
 R - 6 scrolls of remove curse
 U - 2 scrolls of identify
Potions
 b - a potion of resistance
 d - 12 potions of curing
 n - a potion of berserk rage
 D - 6 potions of magic
 F - 2 potions of agility
 G - a potion of ambrosia
 K - 5 potions of brilliance
 M - a potion of heal wounds
 S - a potion of might
Miscellaneous
 e - 2 phantom mirrors
 h - a sack of spiders {used: 1}
 k - a sack of spiders
 l - a legendary deck of defence {the Elixir}
 B - a fan of gales
 P - a box of beasts
Comestibles
 f - 7 bread rations
 g - 9 meat rations
 y - 9 chunks of flesh


   Skills:
 + Level 17.1(16.8) Fighting
 - Level 26.3(26.0) Axes
 - Level 1.7(1.5) Throwing
 + Level 20.7(20.5) Armour
 - Level 2.4(2.2) Dodging
   Level 4.5(4.3) Shields
 - Level 6.3(6.1) Spellcasting
 - Level 8.0(7.8) Charms
 - Level 9.1(8.9) Necromancy
 + Level 15.1(14.8) Invocations
 - Level 11.0(10.7) Evocations


You had 23 spell levels left.
You knew the following spells:

 Your Spells              Type           Power        Failure   Level  Hunger
a - Regeneration          Chrm/Necr      ###.......   2%          3    ###....
b - Spectral Weapon       Hex/Chrm       ##......     21%         3    ###....
c - Repel Missiles        Chrm/Air       ##....       12%         2    ##.....
d - Blink                 Tloc           N/A          38%         2    ##.....


Dungeon Overview and Level Annotations

Branches:
Dungeon (15/15)            Temple (1/1) D:6            Lair (8/8) D:9
  Swamp (4/4) Lair:3       Spider (4/4) Lair:4        Slime (6/6) Lair:7
    Orc (2/2) D:10            Elf (3/3) Orc:2        Vaults (5/5) D:13
  Crypt (0/3) Vaults:3
 Depths: D:15

Altars:
Ashenzari
Cheibriados
Dithmenos
Fedhas
Gozag
Makhleb
Nemelex Xobeh
Okawaru
Pakellas
Qazlal
Ru
Trog
Vehumet
Xom
Yredelemnul
Zin
Beogh
Jiyva

Shops:
D:5 *   D:7 }   D:10 [(   D:11 =[=   Orc:1 }   Orc:2 *(**   Lair:5 ((

Portals:
Trove: Elf:1 (give 16 scrolls of identify)

Annotations:
D:4 Blork the orc
D:10 Xenophilius's ghost, novice TrFi
D:11 exclusion: upstairs
D:13 bl4d3's ghost, novice TrMo
Swamp:1 exclusion: Roxanne, Nikola; Roxanne


Innate Abilities, Weirdness & Mutations

You have very sharp teeth.
You are partially covered in slimy green scales (AC +2).
You occasionally shout uncontrollably at your foes.


Message History

Unknown command.
Unknown command.
Unknown command.
Press: ? - help, v - describe, . - travel
Here: a large abomination (moderately damaged)
The floor.
Unknown command.
Unknown command.
Unknown command.
Unknown command.
Read which item? (? for menu, Esc to quit)
Okay, then.
Read which item? (? for menu, Esc to quit)
Blink to where?
Press: ? - help, Dir - move target cursor
As you read the scroll of blinking, it crumbles to dust.
You are covered in liquid flames!
The deep elf high priest mumbles some strange prayers to its god against you.
The damnation unfurls!
The damnation engulfs you!
You die...

#....#..####cc# ##..
#....#..X....# ....
#....#X.X§D#
.....#....#xX####..
#....#...)#Xe.x.....
..........(........
####(..).X..########
........([).......
.......@<)()......
......<.)<()......
.......<<(()......
####........######
#...........
#...#....#....
..#.##....#......
.### #....##.....
#....# ...?.


You could see a deep elf high priest, 5 large abominations, a small abomination
and a crawling corpse.

Vanquished Creatures
  the Royal Jelly (Slime:6)
  An ancient lich (Vaults:5)
  Norris (Elf:2)
  A lich (Vaults:5)
  A golden dragon (Vaults:4)
  A bone dragon (Abyss:3)
  Jorgrun (Swamp:4)
  An Ice Fiend (IceCv)
  A tentacled monstrosity (Vaults:4)
  A deep elf blademaster (Elf:3)
  2 quicksilver dragons
  5 tentacled starspawn
  11 acid blobs
  A sphinx (Vaults:5)
  2 deep elf master archers (Elf:3)
  2 ancient champions (Vaults:3)
  Gastronok (Lair:3)
  A thorn hunter (Swamp:4)
  5 shadow dragons
  2 storm dragons (Vaults:4)
  A tengu reaver (Vaults:4)
  2 frost giants (Vaults:4)
  7 azure jellies
  A ghost moth (shapeshifter) (Vaults:5)
  A fire giant (Vaults:4)
  5 ghost moths (Spider:4)
  Donald (Swamp:1)
  6 deep elf elementalists (Elf:3)
  10 vault wardens
  3 emperor scorpions (Spider:4)
  6 deep elf sorcerers
  An orc warlord (Vaults:4)
  A war gargoyle (Vaults:5)
  6 ironheart preservers
  A starcursed mass (Abyss:4)
  9 stone giants
  2 very ugly things (Vaults:4)
  4 deep elf demonologists
  A salamander stormcaller (Vaults:5)
  6 deep elf annihilators
  Nessos (D:12)
  A black draconian (Vaults:4)
  A lorocyproca (Abyss:4)
  2 spark wasps (Spider:4)
  2 ettins
  9 deep elf death magi
  31 vault guards
  5 deep elf high priests
  A death ooze (Slime:6)
  Josephine (Swamp:1)
  A minotaur (Lab)
  8 yaktaur captains
  2 fire dragons (Vaults:2)
  A great orb of eyes (Slime:6)
  Fannar (Lair:2)
  16 hydras
  3 catoblepae (Lair:8)
  A death knight (Vaults:3)
  6 centaur warriors
  3 alligators
  The ghost of George the Blocker, a novice MiFi of the Shining One (D:9)
  The ghost of Woebin the Blocker, a novice HOFi of Beogh (Lair:1)
  10 ogre magi
  Urug (D:12)
  4 hell hogs (Abyss:3)
  A vampire mage (Vaults:3)
  16 death yaks
  2 tengu warriors
  3 orc high priests (Orc:2)
  7 thrashing horrors
  A spriggan berserker (Swamp:1)
  11 deep elf knights
  3 spriggans
  3 wretched stars
  3 shadow wraiths
  4 hell knights (Abyss:4)
  10 swamp dragons
  5 large abominations
  2 skeletal warriors
  4 deep trolls
  A giant orange brain (Vaults:3)
  2 unseen horrors
  3 spriggan druids
  An unseen horror (shapeshifter) (Abyss:3)
  2 hill giants
  2 lindwurms
  3 wizards
  8 deep elf archers
  A hill giant (shapeshifter) (Vaults:4)
  4 shambling mangroves
  3 ironbrand convokers
  9 orc knights
  5 harpies
  3 cyclopes
  5 necromancers
  17 wolf spiders
  3 shining eyes
  5 hornets
  A hornet (shapeshifter) (Vaults:4)
  3 phantasmal warriors
  10 orb spiders
  2 manticores
  21 ugly things
  8 orc sorcerers
  A moth of wrath (shapeshifter) (Vaults:4)
  A worldbinder (Abyss:3)
  40 deep elf magi
  A frost giant skeleton (Abyss:3)
  A moth of wrath (Spider:4)
  A rust devil (Abyss:3)
  6 elephants
  3 griffons
  4 black mambas
  2 centaur zombies (D:15)
  2 molten gargoyles (Volcano)
  2 gargoyles
  An apocalypse crab (Abyss:4)
  12 vault sentinels
  2 eyes of devastation
  18 spiny frogs
  5 smoke demons
  2 rime drakes
  3 centaur skeletons
  2 kobold demonologists (Vaults:1)
  A rime drake (shapeshifter) (Vaults:3)
  6 komodo dragons
  A hellwing (Abyss:3)
  An ancient zyme (Abyss:3)
  6 demonic crawlers
  25 yaktaurs
  6 ice devils (IceCv)
  A yaktaur (shapeshifter) (Vaults:4)
  6 freezing wraiths
  5 anaconda simulacra (IceCv)
  2 tengu conjurers
  14 jumping spiders
  A wind drake (shapeshifter) (Vaults:3)
  A queen bee (D:9)
  11 trolls
  2 ettin zombies (Vaults:4)
  11 two-headed ogres
  A hornet zombie (D:12)
  A wolf spider simulacrum (D:15)
  7 giant leeches
  22 blink frogs
  A boulder beetle (Vaults:5)
  63 slime creatures
  4 bog bodies
  3 centaur simulacra
  A shadow (D:12)
  11 tarantellas
  A water elemental (Elf:2)
  33 redbacks
  6 wraiths
  5 dire elephant simulacra (IceCv)
  2 ynoxinuls
  An ettin skeleton (Vaults:4)
  2 vampires
  A human (shapeshifter) (Vaults:4)
  Sigmund (D:4)
  4 fire elementals
  4 golden eyes
  6 basilisks
  63 yaks
  24 vampire mosquitoes
  8 hungry ghosts
  2 chaos spawn
  A neqoxec (Abyss:4)
  2 mottled dragons
  13 hippogriffs
  19 insubstantial wisps
  4 wargs
  4 harpy simulacra (IceCv)
  An iron troll simulacrum (IceCv)
  Duvessa (D:4)
  4 hydra simulacra (IceCv)
  9 small abominations
  4 water moccasins
  6 swamp worms
  4 hell hounds (Abyss:4)
  17 swamp drakes
  7 eyes of draining
  31 orc warriors
  6 porcupines
  A sky beast (D:13)
  11 wasps
  2 black bears
  2 alligator simulacra (IceCv)
  A necrophage (D:11)
  A phantom (D:12)
  4 ice beasts
  8 wolves
  3 boggarts (Vaults:3)
  An ettin simulacrum (Vaults:4)
  13 centaurs
  An eye of draining (shapeshifter) (D:13)
  42 ogres
  13 crocodiles
  7 big kobolds
  17 giant frogs
  2 earth elementals
  A giant frog (shapeshifter) (Vaults:4)
  A wyvern zombie (D:13)
  3 scorpions
  Dowan (D:4)
  A water moccasin skeleton (D:11)
  7 killer bees (D:9)
  2 electric eels (Lair:7)
  8 howler monkeys
  4 crimson imps
  A draconian simulacrum (IceCv)
  2 human simulacra
  17 jellies
  A giant frog skeleton (D:12)
  3 hounds
  30 orc priests
  A giant frog zombie (D:12)
  3 gnoll shamans (D:9)
  30 orc wizards
  4 worker ants
  7 iguanas
  An iguana (shapeshifter) (Vaults:5)
  4 troll simulacra (IceCv)
  9 sheep
  A spriggan simulacrum (IceCv)
  A wolf simulacrum (IceCv)
  4 mummies (Ossuary)
  A hound skeleton (D:5)
  A howler monkey zombie (D:8)
  2 worker ant zombies
  A howler monkey skeleton (D:6)
  7 adders
  8 gnolls (D:9)
  3 ogre simulacra (IceCv)
  48 river rats
  A shadow imp (D:9)
  9 white imps (IceCv)
  8 ufetubi
  An adder skeleton (D:8)
  3 worms
  2 giant geckos
  67 orcs
  4 bats
  4 giant cockroaches
  6 goblins
  3 hobgoblins
  11 jackals
  5 quokkas
  2 giant newts
  5 gnoll zombies (Ossuary)
  A hobgoblin zombie (Ossuary)
  A jackal zombie (D:5)
  24 kobolds
  A kobold zombie (Ossuary)
  An orc zombie (Ossuary)
  3 rats
  6 briar patches (Swamp:4)
  4 crawling corpses
  11 fungi
  7 plants
  2 starspawn tentacles
1584 creatures vanquished.

Vanquished Creatures (collateral kills)
  An acid blob (Slime:6)
  A great orb of eyes (Slime:6)
  2 orb spiders (Spider:3)
4 creatures vanquished.

Vanquished Creatures (others)
  7 dancing weapons
  An ironbrand convoker (Vaults:4)
  2 deep elf magi
  A molten gargoyle (Volcano)
  A jumping spider (Spider:3)
  2 swamp worms (Swamp:1)
  An ogre (Vaults:5)
  2 boggarts (Vaults:3)
  An orc priest (Orc:2)
  7 fungi
  6 plants
  10 starspawn tentacles
  7 starspawn tentacle segments
48 creatures vanquished.

Grand Total: 1636 creatures vanquished

Notes
Turn   | Place    | Note
--------------------------------------------------------------
     0 | D:1      | 4thArraOfDagon the Hill Orc Gladiator began the quest for the Orb.
     0 | D:1      | Reached XP level 1. HP: 18/18 MP: 1/1
    94 | D:2      | Reached XP level 2. HP: 17/25 MP: 2/2
   155 | D:4      | Noticed Sigmund
   172 | D:4      | Killed Sigmund
   172 | D:4      | Reached skill level 6 in Axes
   172 | D:4      | Reached XP level 3. HP: 16/31 MP: 3/3
   172 | D:4      | Reached XP level 4. HP: 20/39 MP: 4/4
   172 | D:4      | Reached XP level 5. HP: 24/45 MP: 5/5
   306 | D:4      | Found a radiant altar of Vehumet.
   308 | D:4      | Noticed an ogre
   309 | D:4      | Noticed Duvessa
   309 | D:4      | Noticed Dowan
   328 | D:4      | You fall through a shaft for 2 floors!
   344 | D:6      | Reached skill level 7 in Axes
   344 | D:6      | Reached XP level 6. HP: 27/52 MP: 6/6
   352 | D:6      | Found a blossoming altar of Fedhas.
   430 | D:5      | Entered Level 5 of the Dungeon
   513 | D:5      | Found Ostrefuet's General Store.
   604 | D:6      | Found a stormy altar of Qazlal.
   627 | D:6      | Noticed an orc warrior
   631 | D:6      | Reached skill level 8 in Axes
   631 | D:6      | Reached XP level 7. HP: 18/60 MP: 7/7
   690 | D:7      | Noticed a mottled dragon
   709 | D:7      | Killed a mottled dragon
   709 | D:7      | Reached skill level 5 in Fighting
   744 | D:7      | Reached skill level 9 in Axes
   754 | D:7      | Reached XP level 8. HP: 15/69 MP: 8/8
   786 | D:7      | Found Yrutso's Gadget Boutique.
   853 | D:6      | Found a blossoming altar of Fedhas.
  1182 | D:4      | Noticed Blork the orc
  1250 | D:6      | Found a glowing silver altar of Zin.
  1322 | D:6      | Got an encrusted falchion
  1387 | D:6      | Found a staircase to the Ecumenical Temple.
  1396 | Temple   | Entered the Ecumenical Temple
  1546 | Temple   | Became a worshipper of Gozag Ym Sagoz the Greedy
  1595 | D:6      | Reached skill level 10 in Axes
  1606 | D:6      | Reached skill level 5 in Armour
  1633 | D:5      | Bought a scroll of enchant weapon for 97 gold pieces
  1754 | D:3      | Found a shattered altar of Ashenzari.
  1781 | D:3      | Found an oddly glowing altar of Pakellas.
  1851 | D:2      | Found a burning altar of Makhleb.
  1851 | D:2      | Found a sparkling altar of Nemelex Xobeh.
  2468 | D:8      | Reached skill level 11 in Axes
  2472 | D:8      | Reached XP level 9. HP: 76/78 MP: 9/9
  2494 | D:8      | Found a sand-covered staircase.
  2499 | Ossuary  | Entered an ossuary
  2910 | D:9      | Found a staircase to the Lair.
  2910 | D:9      | Noticed George's ghost (novice MiFi)
  3026 | D:10     | Entered Level 10 of the Dungeon
  3109 | D:10     | Noticed Xenophilius's ghost (novice TrFi)
  3186 | D:11     | Found a blossoming altar of Fedhas.
  3220 | D:12     | Noticed a troll
  3245 | D:12     | Killed a troll
  3264 | D:12     | :(
  3296 | D:12     | Reached skill level 12 in Axes
  3379 | D:12     | Noticed a troll
  3393 | D:13     | Noticed Nessos
  3393 | D:13     | Noticed bl4d3's ghost (novice TrMo)
  3467 | D:13     | Noticed a wizard
  3468 | D:13     | Noticed a two-headed ogre
  3495 | D:13     | Killed a two-headed ogre
  3550 | D:13     | Found a flickering gateway to a bazaar.
  3557 | D:13     | Noticed a deep elf mage
  3559 | Bazaar   | Entered a bazaar
  3559 | Bazaar   | Found Ykuhor's Antique Armour Emporium.
  3566 | Bazaar   | Found Raggaibb's Antique Weapon Shop.
  3582 | Bazaar   | Found Metiam's Magic Scroll Emporium.
  3593 | Bazaar   | Found Xelecer's General Store.
  3601 | Bazaar   | Found Retas's Gadget Boutique.
  3609 | Bazaar   | Bought a wand of teleportation (3/9) for 210 gold pieces
  3621 | Bazaar   | Bought a scroll of identify for 20 gold pieces
  3621 | Bazaar   | Bought a scroll of teleportation for 30 gold pieces
  3621 | Bazaar   | Bought a scroll of identify for 20 gold pieces
  3621 | Bazaar   | Bought a scroll of enchant armour for 75 gold pieces
  3675 | D:13     | Identified the +12 falchion of Righteous Fury {venom, +Inv rF+ Str-3 Int+4} (You found it on level 6 of the Dungeon)
  3693 | D:13     | Reached skill level 13 in Axes
  3714 | D:13     | Noticed a two-headed ogre
  3715 | D:13     | Killed a two-headed ogre
  3715 | D:13     | Reached XP level 10. HP: 89/90 MP: 10/10
  3773 | D:13     | Killed a wizard
  3822 | D:13     | Noticed a centaur warrior
  3825 | D:13     | Noticed a gargoyle
  3829 | D:13     | Killed a centaur warrior
  3829 | D:13     | Reached skill level 14 in Axes
  3829 | D:13     | Reached skill level 1 in Evocations
  3850 | D:13     | Killed a gargoyle
  3885 | D:13     | Found a flagged portal.
  3898 | Bailey   | Entered a bailey
  4290 | Bailey   | Noticed an orc knight
  4391 | Bailey   | Got a distressingly furry helmet
  4402 | Bailey   | Identified the +2 helmet of Lugonu's Anger {*Contam MR+ Dex+2 Slay+2} (You found it in a bailey)
  4858 | D:11     | Found Ywkiddus's Jewellery Shoppe.
  4867 | D:11     | Bought the ring "Qoarur" {Fragile rPois rN+ MR+ Str+6} for 700 gold pieces
  4936 | D:10     | Reached XP level 11. HP: 82/97 MP: 11/13
  5101 | D:9      | Reached skill level 15 in Axes
  5172 | D:9      | Reached skill level 10 in Fighting
  5378 | D:12     | Noticed a manticore
  5396 | D:12     | Killed a manticore
  5606 | D:12     | Reached skill level 16 in Axes
  5645 | D:12     | Noticed Urug
  5666 | D:12     | Killed Urug
  5709 | D:12     | Killed Nessos
  5729 | D:13     | Noticed a tengu warrior
  5748 | D:13     | Killed a tengu warrior
  5748 | D:13     | Reached XP level 12. HP: 99/110 MP: 14/14
  5831 | D:13     | Reached skill level 10 in Armour
  5852 | D:13     | Found a gate to the Vaults.
  5909 | D:14     | Reached skill level 17 in Axes
  5995 | D:14     | Noticed a centaur warrior
  6008 | D:14     | Killed a centaur warrior
  6021 | D:14     | Found a blossoming altar of Fedhas.
  6115 | D:14     | Found a labyrinth entrance.
  6124 | Lab      | Entered a labyrinth
  6400 | Lab      | Noticed a minotaur
  6412 | Lab      | Killed a minotaur
  6417 | Lab      | Got a faintly glowing jade amulet
  6433 | Lab      | Identified the amulet "Koplaclu" {RegenMP rC- Str+5 Stlth+} (You found it in a labyrinth)
  6466 | D:14     | Noticed a tengu warrior
  6499 | D:14     | Killed a tengu warrior
  6499 | D:14     | Reached skill level 18 in Axes
  6624 | D:15     | Entered Level 15 of the Dungeon
  6638 | D:14     | Reached skill level 1 in Shields
  6710 | D:15     | Noticed a centaur warrior
  6717 | D:15     | Noticed a centaur warrior
  6732 | D:15     | Killed a centaur warrior
  6732 | D:15     | Killed a centaur warrior
  6773 | D:15     | Reached XP level 13. HP: 102/118 MP: 16/16
  7106 | D:15     | Gained mutation: You are surrounded by a mild repulsion field (EV +2). [potion of mutation]
  7106 | D:15     | Gained mutation: Your body sometimes deteriorates upon taking damage. [potion of mutation]
  7107 | D:15     | Gained mutation: You are partially covered in slimy green scales (AC +2). [potion of mutation]
  7107 | D:15     | Gained mutation: You have a pair of small horns on your head. [potion of mutation]
  7107 | D:15     | Gained mutation: You evolve. [potion of mutation]
  7108 | D:15     | Gained mutation: Your muscles are strong. (Str +2) [potion of mutation]
  7108 | D:15     | Gained mutation: You are clumsy. (Dex -2) [potion of mutation]
  7108 | D:15     | Lost mutation: You have a pair of small horns on your head. [potion of mutation]
  7163 | D:15     | Reached skill level 5 in Evocations
  7453 | D:11     | Got a pitted chain mail
  7465 | D:11     | Identified the +8 chain mail of the Lizard {rF+} (You found it on level 11 of the Dungeon)
  7764 | D:9      | Killed George's ghost
  7764 | D:9      | Reached skill level 19 in Axes
  8299 | D:12     | Gained mutation: You are occasionally teleported next to monsters. [evolution]
  8308 | D:12     | RIP MUT
  9226 | D:10     | Found a staircase to the Orcish Mines.
  9248 | Orc:1    | Entered Level 1 of the Orcish Mines
  9248 | Orc:1    | Noticed a stone giant
  9250 | Orc:1    | Found Wemmocan's Gadget Emporium.
  9264 | Orc:1    | Killed a stone giant
  9366 | Orc:2    | Entered Level 2 of the Orcish Mines
  9366 | Orc:2    | Found a staircase to the Elven Halls.
  9772 | Orc:2    | Found a runed door.
  9787 | Orc:2    | Reached XP level 14. HP: 129/129 MP: 18/18
 10196 | Orc:2    | Found Gug Gif's Weapon Emporium.
 10196 | Orc:2    | Found Icoasheu's Assorted Antiques.
 10197 | Orc:2    | Found Noimm's General Store.
 10200 | Orc:2    | Found Ubiosysmiza's General Store.
 10260 | Orc:2    | Bought a potion of beneficial mutation for 420 gold pieces
 10260 | Orc:2    | Bought a potion of magic for 96 gold pieces
 10262 | Orc:2    | Gained mutation: You have supernaturally acute eyesight. [potion of beneficial mutation]
 10264 | Orc:2    | Bought a scroll of magic mapping for 108 gold pieces
 10397 | Orc:2    | Found a roughly hewn altar of Beogh.
 10610 | D:11     | Bought a +2 pair of boots of running for 581 gold pieces
 10707 | Lair:1   | Entered Level 1 of the Lair of Beasts
 10758 | Lair:1   | Noticed Woebin's ghost (novice HOFi)
 10767 | Lair:2   | Noticed Fannar
 10783 | Lair:2   | Killed Fannar
 10876 | Lair:3   | Reached skill level 20 in Axes
 11057 | Lair:3   | Found a dark tunnel.
 11062 | Volcano  | Entered a volcano
 11432 | Lair:2   | You fall through a shaft!
 11552 | Lair:4   | Gained mutation: You have a pair of small antennae on your head. [evolution]
 11553 | Lair:4   | :(
 11558 | Lair:4   | RIP
 11671 | Lair:4   | Found a hole to the Spider Nest.
 12353 | Lair:7   | Found a staircase to the Slime Pits.
 12353 | Lair:7   | Found a viscous altar of Jiyva.
 12452 | Lair:7   | You fall through a shaft!
 12452 | Lair:8   | Entered Level 8 of the Lair of Beasts
 12536 | Lair:8   | Reached XP level 15. HP: 130/138 MP: 20/20
 12643 | Lair:8   | Reached skill level 21 in Axes
 13856 | Lair:5   | Bought the +8 battleaxe "Noeggoan" {drain, Stlth+} for 922 gold pieces
 13956 | Lair:3   | Noticed Gastronok
 13970 | Lair:3   | Killed Gastronok
 13970 | Lair:3   | Reached skill level 15 in Fighting
 14086 | Lair:3   | Found a staircase to the Swamp.
 14134 | Swamp:1  | Entered Level 1 of the Swamp
 14139 | Swamp:1  | Noticed Donald
 14159 | Swamp:1  | Killed Donald
 14159 | Swamp:1  | Reached skill level 22 in Axes
 14185 | Swamp:1  | Noticed Josephine
 14189 | Swamp:1  | Noticed Nikola
 14193 | Swamp:1  | Killed Josephine
 14217 | Swamp:1  | Gained mutation: Your spells are a little harder to cast, but a little more powerful. [evolution]
 14217 | Swamp:1  | Lost mutation: You evolve. [end of evolution]
 14244 | Swamp:1  | Reached XP level 16. HP: 133/149 MP: 23/23
 14370 | Swamp:1  | Noticed Roxanne
 14411 | Swamp:1  | Found a frozen archway.
 14420 | IceCv    | Entered an ice cave
 14841 | IceCv    | Noticed an Ice Fiend
 14862 | IceCv    | Killed an Ice Fiend
 15240 | Swamp:2  | Reached skill level 10 in Evocations
 15353 | Swamp:4  | Entered Level 4 of the Swamp
 15354 | Swamp:4  | Noticed Jorgrun
 15364 | Swamp:4  | Killed Jorgrun
 15438 | Swamp:4  | Reached skill level 23 in Axes
 15680 | Swamp:4  | Noticed a thorn hunter
 15697 | Swamp:4  | Killed a thorn hunter
 15782 | Swamp:4  | Reached XP level 17. HP: 59/158 MP: 24/24
 15866 | Swamp:4  | Got a decaying rune of Zot
 16112 | Swamp:2  | Learned a level 3 spell: Regeneration
 16116 | Swamp:2  | Learned a level 3 spell: Spectral Weapon
 16249 | Spider:1 | Entered Level 1 of the Spider Nest
 16482 | Spider:3 | Reached skill level 1 in Charms
 16482 | Spider:3 | Reached skill level 1 in Necromancy
 16623 | Spider:4 | Entered Level 4 of the Spider Nest
 16679 | Spider:4 | Reached skill level 1 in Spellcasting
 16683 | Spider:4 | Reached skill level 15 in Armour
 16960 | Spider:4 | Lost mutation: Your muscles are strong. (Str +2) [potion of cure mutation]
 16960 | Spider:4 | Lost mutation: You are clumsy. (Dex -2) [potion of cure mutation]
 16961 | Spider:4 | Lost mutation: You are surrounded by a mild repulsion field (EV +2). [potion of cure mutation]
 16961 | Spider:4 | Lost mutation: Your spells are a little harder to cast, but a little more powerful. [potion of cure mutation]
 16961 | Spider:4 | Lost mutation: Your body sometimes deteriorates upon taking damage. [potion of cure mutation]
 16961 | Spider:4 | Lost mutation: You have supernaturally acute eyesight. [potion of cure mutation]
 16962 | Spider:4 | Lost mutation: You have a pair of small antennae on your head. [potion of cure mutation]
 16962 | Spider:4 | Lost mutation: You are occasionally teleported next to monsters. [potion of cure mutation]
 16962 | Spider:4 | Lost mutation: You are partially covered in slimy green scales (AC +2). [potion of cure mutation]
 16963 | Spider:4 | :(
 17033 | Spider:4 | Reached skill level 24 in Axes
 17168 | Spider:4 | Got a gossamer rune of Zot
 17332 | Spider:2 | Gained mutation: You occasionally shout uncontrollably at your foes. [potion of mutation]
 17332 | Spider:2 | Gained mutation: Scrolls take you a little longer to read. [potion of mutation]
 17332 | Spider:2 | Gained mutation: Your spells are a little easier to cast, but a little less powerful. [potion of mutation]
 17333 | Spider:2 | :(
 17338 | Spider:2 | RIP
 17642 | Lair:1   | Cast into level 3 of the Abyss (Woebin's ghost)
 17686 | Abyss:3  | Reached XP level 18. HP: 156/166 MP: 26/26
 17711 | Abyss:3  | Noticed a bone dragon
 17733 | Abyss:3  | Killed a bone dragon
 17733 | Abyss:3  | Reached skill level 5 in Necromancy
 17945 | Abyss:4  | Reached skill level 5 in Charms
 17947 | Abyss:4  | Noticed a bone dragon
 17977 | Lair:1   | Escaped the Abyss
 18029 | Lair:1   | Cast into level 3 of the Abyss (Woebin's ghost)
 18110 | Abyss:3  | Found a corrupted altar of Lugonu.
 18279 | Abyss:3  | Noticed a profane servitor
 18306 | Abyss:3  | Got a warped scale mail
 18551 | Lair:1   | Escaped the Abyss
 18556 | Lair:1   | Killed Woebin's ghost
 18587 | Lair:1   | Got a bound iron amulet
 18603 | D:9      | Identified the amulet of Patience {Reflect Slay+3 SH+3} (You found it on level 1 of the Lair of Beasts)
 18689 | Elf:1    | Entered Level 1 of the Elven Halls
 19018 | Elf:1    | Found a portal to a secret trove of treasure.
 19050 | Elf:2    | Noticed Norris
 19060 | Elf:2    | Killed Norris
 19106 | Elf:2    | Found a flickering gateway to a bazaar.
 19121 | Bazaar   | Entered a bazaar
 19123 | Bazaar   | Found Vehoikiez's Gadget Boutique.
 19127 | Bazaar   | Found Mecoxt's Antique Weapon Boutique.
 19127 | Bazaar   | Found Eduitil's Magic Scroll Boutique.
 19127 | Bazaar   | Found Epinwaib's Distillery.
 19133 | Bazaar   | Bought a scroll of brand weapon for 340 gold pieces
 19133 | Bazaar   | Bought a scroll of fog for 34 gold pieces
 19133 | Bazaar   | Bought a scroll of magic mapping for 59 gold pieces
 19133 | Bazaar   | Bought a scroll of magic mapping for 59 gold pieces
 19133 | Bazaar   | Bought a scroll of enchant armour for 127 gold pieces
 19133 | Bazaar   | Bought a scroll of brand weapon for 340 gold pieces
 19133 | Bazaar   | Bought a scroll of teleportation for 51 gold pieces
 19133 | Bazaar   | Bought a scroll of teleportation for 51 gold pieces
 19135 | Bazaar   | Identified a +0 rod of shadows (11/11) (You found it on level 2 of the Swamp)
 19148 | Bazaar   | Bought a potion of berserk rage for 45 gold pieces
 19148 | Bazaar   | Bought a potion of haste for 90 gold pieces
 19148 | Bazaar   | Bought 2 potions of magic for 144 gold pieces
 19148 | Bazaar   | Bought a potion of heal wounds for 45 gold pieces
 19148 | Bazaar   | Bought a potion of resistance for 90 gold pieces
 19148 | Bazaar   | Bought a potion of haste for 90 gold pieces
 19148 | Bazaar   | Bought a potion of curing for 27 gold pieces
 19148 | Bazaar   | Bought a potion of curing for 27 gold pieces
 19326 | Elf:3    | Entered Level 3 of the Elven Halls
 19359 | Elf:3    | Reached XP level 19. HP: 82/172 MP: 23/27
 19496 | Elf:3    | Reached skill level 25 in Axes
 19575 | Elf:3    | Noticed an Ice Fiend
 19958 | Elf:3    | Gained mutation: You are partially covered in slimy green scales (AC +2). [potion of mutation]
 19958 | Elf:3    | Gained mutation: Armour fits poorly on your strangely shaped body. [potion of mutation]
 19958 | Elf:3    | Gained mutation: You tend to lose your temper in combat. [potion of mutation]
 19996 | Elf:3    | Got a crude bone ring
 20000 | Elf:3    | Identified the ring "Uxysi" {Dex+2 Stlth-} (You took it off a deep elf annihilator on level 3 of the Elven Halls)
 20024 | Elf:3    | Got a fine battleaxe {chop}
 20059 | Elf:3    | Got a distressingly furry chain mail
 20172 | Elf:3    | Identified the +6 scale mail "Xookhlor" {Dex+4 Slay+3} (You found it on level 3 of the Abyss)
 20182 | Elf:3    | Identified the cursed +1 chain mail of Feasting {rF- rN++ Int+4 Dex+3} (You found it on level 3 of the Elven Halls)
 20182 | Elf:3    | Identified the +6 battleaxe of the Dove {chop, rElec rF+ Dex+4} (You took it off a deep elf sorcerer on level 3 of the Elven Halls)
 20401 | Orc:2    | Bought a potion of cure mutation for 300 gold pieces
 20401 | Orc:2    | Bought a scroll of recharging for 114 gold pieces
 20403 | Orc:2    | Lost mutation: Armour fits poorly on your strangely shaped body. [potion of cure mutation]
 20403 | Orc:2    | Lost mutation: Your spells are a little easier to cast, but a little less powerful. [potion of cure mutation]
 20403 | Orc:2    | Lost mutation: Scrolls take you a little longer to read. [potion of cure mutation]
 20403 | Orc:2    | Lost mutation: You tend to lose your temper in combat. [potion of cure mutation]
 20405 | Orc:2    | Bought a potion of curing for 93 gold pieces
 20440 | D:10     | Bought the +3 pair of gauntlets of War {Slay+5} for 855 gold pieces
 20547 | D:11     | Bought the ring "Maize Qyhe" {rCorr rC+ Stlth+} for 588 gold pieces
 20816 | Slime:1  | Entered Level 1 of the Pits of Slime
 20870 | Slime:2  | Reached skill level 5 in Spellcasting
 20870 | Slime:2  | Gained mutation: You have very sharp teeth. [a shining eye]
 21111 | Slime:6  | Entered Level 6 of the Pits of Slime
 21139 | Slime:6  | Reached XP level 20. HP: 143/181 MP: 9/28
 21199 | Slime:6  | Found a viscous altar of Jiyva.
 21202 | Slime:6  | Noticed the Royal Jelly
 21218 | Slime:6  | Killed the Royal Jelly
 21218 | Slime:6  | Reached skill level 26 in Axes
 21411 | Slime:6  | Got a slimy rune of Zot
 21549 | Slime:2  | Gained mutation: You expend magic power (3 MP) to strengthen your wands. [a shining eye]
 21552 | Slime:2  | Lost mutation: You expend magic power (3 MP) to strengthen your wands. [a shining eye]
 21863 | D:4      | Killed Dowan
 21864 | D:4      | Killed Duvessa
 21903 | D:2      | Fell from the grace of Gozag
 21903 | D:2      | Became a worshipper of Makhleb the Destroyer
 22104 | Vaults:1 | Entered Level 1 of the Vaults
 22118 | Vaults:1 | Reached * piety under Makhleb
 22180 | Vaults:1 | Reached skill level 1 in Invocations
 22181 | Vaults:1 | Reached ** piety under Makhleb
 22462 | Vaults:3 | Found a staircase to the Crypt.
 22538 | Vaults:3 | Reached *** piety under Makhleb
 22539 | Vaults:3 | Reached skill level 5 in Invocations
 22716 | Vaults:2 | Reached XP level 21. HP: 188/188 MP: 30/30
 22732 | Vaults:2 | Reached **** piety under Makhleb
 22967 | Vaults:3 | Reached ***** piety under Makhleb
 23244 | Vaults:4 | Reached skill level 10 in Invocations
 23436 | Vaults:4 | Reached ****** piety under Makhleb
 23481 | Vaults:4 | Noticed a golden dragon
 23496 | Vaults:4 | Killed a golden dragon
 23590 | Vaults:4 | Learned a level 2 spell: Repel Missiles
 23593 | Vaults:4 | Learned a level 2 spell: Blink
 23602 | Vaults:4 | Got a pitted diamond amulet
 23603 | Vaults:4 | Identified the amulet of Astru {RegenMP rElec rPois rF+++ Int-2} (You found it on level 4 of the Vaults)
 23780 | Vaults:5 | Entered Level 5 of the Vaults
 23780 | Vaults:5 | Noticed a lich
 23786 | Vaults:5 | Noticed a Tzitzimitl
 23796 | Vaults:5 | Reached XP level 22. HP: 195/195 MP: 29/31
 23843 | Vaults:4 | Was forgiven by Gozag
 23850 | Vaults:5 | Noticed an ancient lich
 23906 | Vaults:5 | Killed an ancient lich
 23941 | Vaults:5 | Reached skill level 15 in Invocations
 23966 | Vaults:5 | HP: 5/199 [large abomination[a deep elf high priest] (12)]
 23967 | Vaults:5 | Killed from afar by a deep elf high priest

Vault maps used:
D:1:      minmay_arrival_doors, nemelex_diamond_rough_becter
D:2:      tso_altar, gammafunk_temple_overflow_wave, serial_forest,
          infiniplex_forest_lined_corner, infiniplex_forest_pool,
          infiniplex_forest_straight_4, infiniplex_forest_lined_ring,
          infiniplex_forest_lined_room_2, infiniplex_forest_lined_3
D:3:      lemuel_coloured_pillars_altar, johnstein_pakellas_dig,
          lemuel_round_altar
D:4:      grunt_temple_overflow_open, first_bread, st_stairs_13,
          kennysheep_generic_room_7, uniq_sigmund, uniq_duvessa,
          uniq_blork_the_orc
D:5:      kiku_gazebo_garden_becter, serial_shops, shop
D:6:      grunt_temple_overflow_forces_of_nature, zin_academy,
          minmay_temple_entry_statues_fountains, solitary_fountain,
          fedhas_altar_1
D:7:      serial_shops, shop
D:8:      enter_ossuary_2
D:9:      kennysheep_seaside_town, lair_0_dummy, hangedman_fish_farm,
          nicolae_looking_at_the_future
D:10:     orc_0_dummy
D:11:     basic_altar, serial_shops, shop
D:12:     uniq_urug
D:13:     david_vaults_1, enter_bailey_3, serial_shops, bzr_entry_lakeside,
          uniq_nessos
D:14:     lab_entry_generic, basic_altar
D:15:     grunt_enter_depths_magical_seal, minmay_misc_feat_pillars,
          nrook_loot_triangle, grunt_ministairs_12
Temple:   hc_temple_tempest_star
Lair:2:   beast_lair_carwin_11, grunt_megastairs_1, uniq_fannar
Lair:3:   swamp_mist_pool, enter_volcano_4, grunt_forest_large_clearings,
          uniq_gastronok
Lair:4:   spider_nest_entry_web_field
Lair:5:   wad_woods_structure_01
Lair:7:   slime_altar_1, nicolae_quartered_pool_medium, serial_bayou_shore_a
Lair:8:   evilmike_catoblepas_cave, grunt_forest_small_clearing_treed,
          lemuel_fruit_fields, infiniplex_staircase_pool_2
Swamp:1:  cheibrodos_swamp_heart_of_darkness,
          portal_ice_cave_entry_frozen_things, nicolae_swamp_rocky_clearing,
          swamp_pool2, uniq_donald, uniq_nikola, uniq_roxanne, uniq_josephine
Swamp:2:  evilmike_swamp_ruin_house_2, grunt_witch_cave
Swamp:3:  evilmike_swamp_ruin_wall, swamp_pool4
Swamp:4:  swamp, uniq_jorgrun
Spider:1: cheibrodos_spider_creepycove
Spider:3: nicolae_spider_cling_ruins
Spider:4: spider_rune_water
Slime:1:  cheibrodos_slime_lost_civilization_7
Slime:2:  cheibrodos_slime_lost_civilization_6
Slime:4:  nicolae_slime_phagocytosis
Orc:1:    serial_shops, shop
Orc:2:    st_orc_mages, lightli_church_of_beogh
Elf:1:    enter_trove_6, kennysheep_underground_church, library_closet
Elf:2:    basic_altar, serial_shops, freezing_bzr, uniq_norris
Elf:3:    minmay_elf_hall_dome, grunt_megastairs_2
Vaults:1: nicolae_vaults_triangles, grunt_vaults_focal,
          grunt_vaults_hallway_short, vaults_dpeg_encased_lava, v_alt_pattern_1,
          st_octagons_1, nicolae_vaults_little_squares_6, v_misc_24, v_misc_9,
          vaults_standard_mumra_x, ontoclasm_vaults_loading_screen, v_misc_15,
          vaults_room_semicircle, v_misc_9, vaults_room_stairs_pillars,
          uniq_saint_roka
Vaults:2: vaults_room_grunt_arrival_ludios, grunt_vaults_funnel, v_misc_9,
          nicolae_vaults_ring_of_whatevers, vaults_room_stairs_pillars,
          vaults_room_mumra_shop_pool, serial_shops, shop
Vaults:3: vaults_room_corners, grunt_vaults_trifunnel, nicolae_vaults_asterisk,
          minmay_crypt_entry_simple_sparse, vaults_standard_mumra_lines,
          nicolae_vaults_little_squares_3, grunt_vaults_twisty,
          vaults_dpeg_cross, v_misc_9
Vaults:4: nicolae_vaults_border_crossing, nicolae_vaults_arrows,
          nicolae_vaults_theta, st_greater_box_1, hangedman_vaults_stagger,
          v_misc_3, hangedman_vaults_impose, v_misc_3, vaults_room_fours,
          serial_ice_h, vaults_dpeg_ring, serial_shops, shop_statue
Abyss:4:  evilmike_abyss_rune_tentacle_tunnel, minivault_26,
          evilmike_abyss_rune_ettins
Lab:      labyrinth_mini_lab, lab_hedge, lab_block, nicolae_lab_big_swirl,
          nicolae_lab_do_over
Bazaar:   bazaar_lake, bazaar_minmay_cross
Ossuary:  ossuary_crypta
Bailey:   bailey_polearm_1, bailey
IceCv:    ice_cave_caverns_01
Volcano:  volcano_aerie

Skill      XL: |  1  2  3  4  5  6  7  8  9 10 11 12 13 14 15 16 17 18 19 20 21 22 |
---------------+-------------------------------------------------------------------+-----
Fighting       | 3 4 5 6 8 9 11 12 13 14 15 16 17 | 17.1
Axes           | 6 7 8 9 11 13 14 16 18 19 20 22 23 24 25 26 | 26.3
Armour         | 2 3 4 5 7 8 9 11 12 13 14 15 16 18 20 | 20.7
Evocations     | 3 4 6 7 9 10 11 | 11.0
Shields        | 3 4 |  4.5
Charms         | 4 6 8 |  8.0
Necromancy     | 4 7 9 |  9.1
Spellcasting   | 2 4 5 6 |  6.3
Invocations    | 7 13 15 | 15.1
Throwing       | |  1.7
Dodging        | |  2.4

Action                   |  1- 3 |  4- 6 |  7- 9 | 10-12 | 13-15 | 16-18 | 19-21 | 22-24 || total
-------------------------+-------+-------+-------+-------+-------+-------+-------+-------++-------
Melee: War axe           |    32 |    76 |   415 |   384 |    26 |       |       |       ||   933
       Falchion          |       |       |    12 |    93 |       |       |       |       ||   105
       Hand axe          |       |       |       |    86 |   759 |       |       |       ||   845
       Broad axe         |       |       |       |       |   601 |       |       |       ||   601
       Battleaxe         |       |       |       |       |    77 |  1111 |   820 |   104 ||  2112
Throw: Throwing net      |     3 |     3 |     2 |     1 |       |     1 |       |       ||    10
 Cast: Regeneration      |       |       |       |       |       |    15 |    77 |    10 ||   102
       Repel Missiles    |       |       |       |       |       |       |       |     1 ||     1
Invok: Potion Petition   |       |       |     1 |       |       |       |     3 |       ||     4
       Call Merchant     |       |       |       |       |     4 |       |     2 |       ||     6
 Abil: Evoke Invisibilit |       |       |       |     4 |       |       |       |       ||     4
       Turn Visible      |       |       |       |     3 |       |       |       |       ||     3
Evoke: Wand              |       |       |       |     2 |     2 |     3 |     6 |       ||    13
       Sack of spiders   |       |       |       |       |       |     1 |       |       ||     1
       Phantom mirror    |       |       |       |       |       |       |     1 |       ||     1
  Use: Scroll            |       |    10 |     8 |     3 |     9 |    12 |    10 |     1 ||    53
       Potion            |       |       |     6 |     4 |    10 |    14 |    14 |     3 ||    51
 Stab: Held in net/web   |     1 |       |       |       |       |     1 |       |       ||     2
       Invisible         |       |       |     1 |       |       |     3 |       |       ||     4
       Distracted        |       |       |     2 |     2 |    12 |    13 |     6 |       ||    35
       Confused          |       |       |       |       |     1 |     2 |       |       ||     3
       Petrifying        |       |       |       |       |     1 |       |       |       ||     1
       Sleeping          |       |       |       |       |       |       |     2 |       ||     2
  Eat: Beef jerky        |       |       |     5 |     3 |     3 |     1 |     1 |       ||    13
       Chunk             |       |       |     2 |       |       |       |     2 |     1 ||     5
       Pizza             |       |       |     1 |       |       |       |     2 |       ||     3
       Fruit             |       |       |       |     2 |    12 |    27 |       |       ||    41
       Meat ration       |       |       |       |     3 |     3 |       |     2 |       ||     8
       Royal jelly       |       |       |       |       |     1 |     1 |       |       ||     2
       Bread ration      |       |       |       |       |       |       |     1 |       ||     1
